 Dungeon Crawl Stone Soup version 0.30-a0-359-gd0147acb1a (webtiles) character file.

Game seed: 8971136127856608635

61 oldriver the Magician (level 3, 0/27 HPs)
             Began as a Mummy Necromancer on Nov 13, 2022.
             Slain by an orc wizard
             ... wielding a +0 dagger
              (3 damage)
             ... on level 3 of the Dungeon.
             The game lasted 00:02:15 (1832 turns).

oldriver the Magician (Mummy Necromancer)           Turns: 1832, Time: 00:02:16

Health: 0/27       AC:  2    Str: 11    XL:     3   Next: 83%
Magic:  5/9        EV: 12    Int: 16    God:
Gold:   149        SH:  0    Dex: 12    Spells: 7/11 levels left

rFire   x . .      SeeInvis .    (no weapon)
rCold   + . .      Faith    +    (no shield)
rNeg    + + +      Spirit   .    a - +0 robe
rPois   ∞          Reflect  .    (no helmet)
rElec   .          Harm     .    (no cloak)
rCorr   .          Rampage  .    (no gloves)
Will    .....                    (no boots)
Stlth   ++........               (no amulet)
HPRegen 0.24/turn                (no ring)
MPRegen 0.11/turn                (no ring)

@: no status effects
A: cold resistance 1, negative energy resistance 3, torment resistance 2, heat
vulnerability 1, in touch with death 1, no potions, faith
a: no special abilities


You were on level 3 of the Dungeon.
You visited 1 branch of the dungeon, and saw 3 of its levels.

You collected 149 gold pieces.

Inventory:

Armour
 a - a +0 robe (worn)
Jewellery
 f - a ring of wizardry
Scrolls
 b - 2 scrolls of amnesia {unknown}
 c - 2 scrolls of enchant armour {unknown}
 d - 3 scrolls of poison {unknown}
 e - a scroll of blinking {unknown}
 g - a scroll of teleportation {unknown}
 h - 3 scrolls of identify {unknown}
 i - a scroll of noise {unknown}
 j - a scroll of immolation {unknown}
 k - a scroll of enchant weapon {unknown}


   Skills:
 + Level 1.8 Fighting
 - Level 1.5 Dodging
 - Level 1.5 Stealth
 * Level 4.6 Spellcasting
 - Level 4.0 Necromancy


You had 7 spell levels left.
You knew the following spells:

 Your Spells              Type           Power      Damage    Failure   Level
a - Necrotise             Necr           96%        1d8       3%          1
b - Vampiric Draining     Necr           24%        2d7       10%         3

Your spell library contained the following spells:

 Spells                   Type           Power      Damage    Failure   Level
 Animate Dead             Necr           24%        N/A       30%         4
 Agony                    Necr           24%        N/A       65%         5


Dungeon Overview and Level Annotations

Branches:
Dungeon (3/15)

Altars:


Innate Abilities, Weirdness & Mutations

You are immune to poison.
Your flesh is cold resistant. (rC+)
You are immune to negative energy. (rN+++)
You are immune to unholy pain and torment.
You are vulnerable to heat. (rF-)
You are in touch with the powers of death.
You do not drink.
You have a special connection with the divine. (Faith)


Message History

You're too confused to cast spells.
Sorry, you're not good enough to have a special ability.
Unknown command.
You are too confused!
You closely miss the orc wizard.
The orc wizard is moderately wounded.
The orc wizard hits you with a +0 dagger.
* * * LOW HITPOINT WARNING * * *
The orc hits you with a +0 club.
* * * LOW HITPOINT WARNING * * *
The orc barely misses you. The orc attacks as you move away!
The orc closely misses you. The orc attacks as you move away!
The orc closely misses you.
You bump into the rock wall.
The orc barely misses you. The orc hits you with a +0 club.
* * * LOW HITPOINT WARNING * * *
You barely miss the orc. The orc barely misses you.
You miss the orc.
You feel less confused. The orc barely misses you.
You hit the orc but do no damage.
The orc wizard hits you with a +0 dagger.
* * * LOW HITPOINT WARNING * * *
The orc misses you.
You hit the orc but do no damage. You punch the orc, but do no damage.
The orc completely misses you.
The orc wizard hits you with a +0 dagger.
* * * LOW HITPOINT WARNING * * *
Casting: Necrotise (safe; 3% risk of failure)
Confirm with . or Enter, or press ? or * to list all spells.
The spell is quite dangerous to miscast (10% risk of failure)!
Continue anyway?
Aiming: Vampiric Draining (quite dangerous; 10% risk of failure)
Press: ? - help, Shift-Dir - straight line, f/p - orc wizard
Aim: an orc wizard, wielding a +0 dagger and wearing a +0 robe (moderately wounded)
You feel a surge of power!
You draw life force from the orc wizard.
You feel life coursing into your body. The orc hits you with a +0 falchion.
* * * LOW HITPOINT WARNING * * *
The orc wizard hits you with a +0 dagger.
You die...

#.#####.......
#.#.......#######
............[....
#.#.#####.#######
#.#.# #.....#
#.#.# #####.#
#.#.# #.# ..#.#
##.#### # .##.#
#..oo@#.#### .
#.. #...o≈≈≈≈≈≈≈.
#....≈#####≈.
#....≈# #....≈#
♣..P.....≈#
♣P.......≈#
PP........≈≈≈
#..!.......###


You could see an orc wizard and 2 orcs.

Vanquished Creatures
  2 adders
  3 ball pythons
  2 bats
  An endoplasm (D:1)
  3 giant cockroaches
  5 goblins
  A hobgoblin (D:1)
  3 jackals (D:1)
  A quokka (D:2)
  A frilled lizard (D:2)
  6 kobolds
  8 rats
36 creatures vanquished.

Vanquished Creatures (collateral kills)
  A dart slug (D:1)
  An endoplasm (D:1)
  A bat (D:1)
  A kobold (D:1)
4 creatures vanquished.

Grand Total: 40 creatures vanquished

Notes
Turn   | Place    | Note
-------+----------+-------------------------------------------
     0 | D:1      | oldriver the Mummy Necromancer began the quest for the Orb.
     0 | D:1      | Reached XP level 1. HP: 13/13 MP: 4/4
   324 | D:1      | Reached XP level 2. HP: 19/20 MP: 0/6
   407 | D:1      | Reached skill level 1 in Fighting
   988 | D:1      | Gained mutation: You are in touch with the powers of death.
                  | [Mummy growth]
   988 | D:1      | Reached XP level 3. HP: 26/26 MP: 4/8
  1133 | D:2      | Learned a level 3 spell: Vampiric Draining
  1751 | D:3      | Noticed an ogre
  1831 | D:3      | HP: 1/27 [orc wizard/+0 dagger (2)]
  1832 | D:3      | Slain by an orc wizard

Illustrated notes

Levels and vault maps discovered:
D:1:      dpeg_arrival_prison, layout_basic
D:2:      layout_rooms
D:3:      minmay_roachtagon, layout_basic, grunt_dithmenos_smoke,
          nicolae_overflow_two_pavilions, ebering_ghost_gozag, serial_shops,
          nicolae_shop_stone, serial_forest, infiniplex_forest_straight_2,
          infiniplex_forest_corner_1, infiniplex_forest_lined_4_way,
          infiniplex_forest_straight_2, infiniplex_forest_clump_cross,
          infiniplex_forest_clump_medium, infiniplex_forest_clump_small

Skill      XL: |  1  2 |
---------------+-------+-----
Spellcasting   | 3 4 |  4.6
Fighting       | 1 |  1.8
Dodging        | |  1.5
Stealth        | |  1.5
Necromancy     | |  4.0

Action                   || total
-------------------------++-------
Melee: Unarmed           ||    28
       Punch             ||     1
 Cast: Necrotise         ||    75
       Vampiric Draining ||     1
Armor: Robe              ||    11
Dodge: Dodged            ||    56

Table legend: (Time is in decaauts)
 A = Elapsed time spent in this place.
 B = Non-inter-level travel time spent in this place.
 C = Inter-level travel time spent in this place.
 D = Time resting spent in this place.
 E = Time spent auto-exploring this place.
 F = Levels seen in this place.
 G = Mean time per level.
                   A        B        C        D        E       F      G
               +--------+--------+--------+--------+--------+-----+--------+
         Total |   1831 |   1796 |     35 |     53 |   1446 |   3 |  610.3 |
       Dungeon |   1831 |   1796 |     35 |     53 |   1446 |   3 |  610.3 |
               +--------+--------+--------+--------+--------+-----+--------+

Top non-repeatable levels by time:
     D:1: 1128 daAuts
     D:2: 538 daAuts
     D:3: 165 daAuts
